 Dungeon Crawl Stone Soup version 0.31-a0-466-g98c9adc2b6 (webtiles) character file.

Game seed: 9841971258873222891

37787 HallandMoats the Fighter (level 13, -34/111 HPs)
             Began as a Mummy Monk on Aug 5, 2023.
             Was a High Priest of Qazlal.
             Killed from afar by Roxanne (40 damage)
             ... with an entropic shot
             ... on level 15 of the Dungeon.
             The game lasted 00:28:01 (16459 turns).

HallandMoats the Fighter (Mummy Monk)              Turns: 16459, Time: 00:28:01

Health: -34/111    AC: 20    Str: 24    XL:     13   Next: 60%
Magic:  21/21      EV: 19    Int: 10    God:    Qazlal [*****.]
Gold:   1240       SH: 15    Dex: 28    Spells: 12/12 levels left

rFire   x . .        a - +8 short sword of Foraonet {speed, Fragile Fly rF- Dex+8}
rCold   + + .        p - +0 buckler
rNeg    + + +        o - +3 leather armour of Free Will {-Cast Harm rElec rC+ Dex+5}
rPois   ∞            i - +0 helmet
rElec   +            m - +2 cloak
rCorr   .            B - +2 pair of gloves
SInv    .            d - +0 pair of boots
Will    +....        (no amulet)
Stlth   +            x - +4 ring of protection
HPRegen 0.38/turn    n - +6 ring of strength
MPRegen 0.17/turn

%: no spellcasting, harm (+30% outgoing, +20% incoming), repel missiles, faith
@: protected from fire, flying
A: cold resistance 1, negative energy resistance 3, torment resistance 2, heat
vulnerability 1, in touch with death 2, no potions, faith
a: Renounce Religion, Upheaval, Elemental Force, Disaster Area


You were on level 15 of the Dungeon.
You worshipped Qazlal.
Qazlal was extremely pleased with you.
You visited 2 branches of the dungeon, and saw 16 of its levels.

You collected 1320 gold pieces.
You spent 80 gold pieces at shops.

Inventory:

Hand Weapons
 a - the +8 short sword of Foraonet (weapon) {speed, Fragile Fly rF- Dex+8}
   (You found it on level 2 of the Dungeon)

   Dex:       It affects your dexterity (+8).
   rF:        It makes you vulnerable to fire.
   Fly:       It grants you flight.
   Fragile:   It will be destroyed if unequipped.
 b - a +1 broad axe of flaming
Armour
 c - an orb of light
 d - a +0 pair of boots (worn)
 i - a +0 helmet (worn)
 m - a +2 cloak (worn)
 o - the +3 leather armour of Free Will (worn) {-Cast Harm rElec rC+ Dex+5}
   (You found it on level 4 of the Dungeon)

   Dex:       It affects your dexterity (+5).
   rC:        It protects you from cold.
   rElec:     It insulates you from electricity.
   -Cast:     It prevents spellcasting.
   Harm:      It increases damage dealt and taken.
 p - a +0 buckler (worn)
 B - a +2 pair of gloves (worn)
Jewellery
 e - a ring of see invisible
 j - a ring of wizardry
 n - a +6 ring of strength (right hand)
 x - a +4 ring of protection (left hand)
 C - the ring "Meimumme" {rF- rN+ Will++ Int+6 Stlth-}
   (You found it on level 11 of the Dungeon)

   [ring of intelligence]

   Int:       It affects your intelligence (+6).
   rF:        It makes you vulnerable to fire.
   rN:        It protects you from negative energy.
   Will:      It greatly increases your willpower.
   Stlth:     It makes you less stealthy.
Wands
 f - a wand of charming (10)
 l - a wand of iceblast (19)
 t - a wand of flame (43)
 D - a wand of polymorph (8)
Scrolls
 g - 16 scrolls of identify
 h - 2 scrolls of immolation
 k - 7 scrolls of teleportation
 q - a scroll of revelation
 r - a scroll of enchant weapon {unknown}
 s - 3 scrolls of poison
 u - 3 scrolls of amnesia
 v - a scroll of fear
 w - 2 scrolls of silence
 y - 2 scrolls of enchant armour
 z - 2 scrolls of blinking
 E - a scroll of fog


   Skills:
 * Level 13.1 Fighting
 - Level 3.3 Axes
 + Level 7.6 Armour
 + Level 8.1 Dodging
 + Level 7.2 Shields
 * Level 11.7 Invocations


You had 12 spell levels left.
You didn't know any spells.
Your spell library contained the following spells:

 Spells                   Type           Power      Damage    Failure   Level
 Kiss of Death            Conj/Necr      0%         2d5       45%         1
 Sting                    Tmut/Pois      0%         1d3       45%         1
 Blink                    Tloc           0%         N/A       58%         2
 Lesser Beckoning         Tloc           0%         N/A       58%         2
 Momentum Strike          Conj/Tloc      0%         3d8       58%         2
 Poisonous Vapours        Pois/Air       0%         N/A       58%         2
 Confusing Touch          Hex            0%         N/A       83%         3
 Ozocubu's Armour         Ice            0%         N/A       83%         3
 Vhi's Electric Charge    Tloc/Air       0%         N/A       83%         3
 Dispel Undead            Necr           0%         3d6       99%         4
 Olgreb's Toxic Radiance  Pois           0%         N/A       99%         4
 Petrify                  Tmut/Erth      0%         N/A       99%         4
 Arcjolt                  Conj/Air       0%         1d10      100%        5
 Irradiate                Conj/Tmut      0%         3d11      100%        5
 Ozocubu's Refrigeration  Ice            0%         4d7       100%        7
 Maxwell's Capacitive Co  Air            0%         ∞         100%        8
 Sublimation of Blood     Necr           Unusable   N/A       N/A         2

Dungeon Overview and Level Annotations

Branches:
Dungeon (15/15)            Temple (1/1) D:5            Lair (0/5) D:10
    Orc (0/2) D:9          Vaults (0/5) D:13         Depths (0/4) D:15

Altars:
Ashenzari
Cheibriados
Dithmenos
Fedhas
Gozag
Hepliaklqana
Kikubaaqudgha
Makhleb
Nemelex Xobeh
Okawaru
Qazlal
Ru
Sif Muna
Trog
Uskayaw
Vehumet
Wu Jian
Xom
Yredelemnul

Shops:
D:11 [   D:13 =   D:15 ?

Annotations:
D:12 2 transporters, exclusion: ice statue, Implojin's ghost, journeyman DsSh
D:15 Roxanne


Innate Abilities, Weirdness & Mutations

You are immune to poison.
Your flesh is cold resistant. (rC+)
You are immune to negative energy. (rN+++)
You are immune to unholy pain and torment.
You are vulnerable to heat. (rF-)
You are strongly in touch with the powers of death.
You do not drink.
You have a special connection with the divine. (Faith)


Message History

You start resting.
Your protection from physical attacks is fading.
You start resting.
You feel less protected from physical attacks.
You start resting.
HP restored.
Really fly into a travel-excluded area?
You hit Roxanne but do no damage. You hit Roxanne but do no damage.
You hit Roxanne.
Roxanne is lightly damaged.
Roxanne casts a spell.
The bolt of magma hits you!! The lava burns you terribly!
You hit Roxanne.
Roxanne is lightly damaged.
You hit Roxanne.
Roxanne is lightly damaged.
You hit Roxanne but do no damage.
Roxanne is lightly damaged.
You hit Roxanne.
Roxanne is lightly damaged.
You hit Roxanne but do no damage.
Roxanne is lightly damaged.
You hit Roxanne but do no damage.
Roxanne is lightly damaged.
You hit Roxanne.
Roxanne is lightly damaged.
You hit Roxanne but do no damage.
Roxanne is lightly damaged.
You puncture Roxanne!
Roxanne is lightly damaged.
Roxanne is engulfed in blazing flames.
Roxanne casts a spell.
The bolt of magma hits you!!! The lava burns you terribly!
You feel protected from fire.
Ouch! That really hurt!
* * * LOW HITPOINT WARNING * * *
Roxanne casts a spell.
The entropic shot hits you!!
You die...

## #.###############.# .#### #.#
#.# #.# ....# #.# #.# #.#
#'##########'#####.# #.#
........##......##.## #.####
........##......#..§########.....
........''......#.8.......#######
........##...####.○.#####.#
........''...'..@..○..# #.#
........##...#####.##.###.#
.............# #.##.#.#.#
.............# #.##.#.#.#
.............# #.##.#.#.#
..........#### #.##.#.#.###
........##########.##.#.....#
........................#.#.#
#.####.######.........###.#.#


You could see Roxanne.

Vanquished Creatures
  Kirke (D:15)
  A stone giant (D:15)
  Nessos (D:14)
  An ogre mage (D:13)
  5 two-headed ogres
  2 centaur warriors
  2 boulder beetles (D:12)
  2 tengu warriors (D:15)
  Sonja (D:10)
  Lodul (D:12)
  2 deep elf archers (D:13)
  2 deep elf zephyrmancers
  2 manticores
  3 deep elf pyromancers
  14 ugly things
  3 cyclopes
  Maggie (D:6)
  An unseen horror (D:12)
  4 yaktaurs (D:13)
  Psyche (D:8)
  4 kobold demonologists
  An efreet (D:15)
  A troll (D:11)
  Grinder (D:6)
  Prince Ribbit (D:8)
  8 slime creatures
  15 yaks
  2 shadows
  A vampire (D:12)
  Sigmund (D:5)
  A wyvern (D:11)
  3 wraiths
  2 hogs (D:15)
  Eustachio (D:6)
  2 water elementals (D:11)
  12 vampire mosquitoes (D:12)
  2 steam dragons
  A basilisk (D:14)
  Menkaure (D:5)
  Edmund (D:6)
  2 acid dragons
  2 water moccasins
  An ice beast (D:8)
  5 orc warriors
  A sky beast (D:7)
  2 black bears
  An ogre (shapeshifter) (D:13)
  12 ogres
  A boggart (D:13)
  6 centaurs
  6 kobold brigands
  4 bullfrogs
  A gnoll sergeant (D:10)
  3 scorpions
  14 wights
  5 killer bees (D:10)
  4 howler monkeys
  An electric eel (D:11)
  6 orc priests
  Crazy Yiuf (D:2)
  A gnoll bouda (D:7)
  7 hounds
  2 jellies (D:6)
  10 orc wizards
  4 iguanas
  8 adders
  12 gnolls
  4 white imps
  4 dart slugs
  59 orcs
  6 bats
  14 endoplasms
  5 giant cockroaches
  12 goblins
  12 hobgoblins
  19 kobolds
  3 quokkas
  6 ball pythons
  2 frilled lizards
  4 rats
383 creatures vanquished.

Vanquished Creatures (others)
  A kobold (D:7)
1 creature vanquished.

Grand Total: 384 creatures vanquished

Notes
Turn   | Place    | Note
-------+----------+-------------------------------------------
     0 | D:1      | HallandMoats the Mummy Monk began the quest for the Orb.
     0 | D:1      | Reached XP level 1. HP: 18/18 MP: 1/1
   239 | D:1      | Reached XP level 2. HP: 24/24 MP: 2/2
   334 | D:1      | Reached skill level 1 in Invocations
   797 | D:2      | Gained mutation: You are in touch with the powers of death.
                  | [Mummy growth]
   797 | D:2      | Reached XP level 3. HP: 27/29 MP: 3/3
   866 | D:2      | Reached XP level 4. HP: 4/37 MP: 3/5
  1420 | D:2      | Found a runed translucent door.
  1421 | D:2      | Noticed Crazy Yiuf
  1440 | D:2      | Found a radiant altar of Vehumet.
  1454 | D:2      | Identified the +8 short sword of Foraonet {speed, Fragile
                  | Fly rF- Dex+8}
  1473 | D:2      | Reached skill level 4 in Fighting
  1992 | D:2      | Killed Crazy Yiuf
  2117 | D:3      | Reached XP level 5. HP: 42/42 MP: 6/6
  2724 | D:4      | Identified the +3 leather armour of Free Will {-Cast Harm
                  | rElec rC+ Dex+5}
  2859 | D:4      | Reached XP level 6. HP: 49/49 MP: 8/8
  3310 | D:4      | Reached skill level 1 in Armour
  3977 | D:5      | Entered Level 5 of the Dungeon
  4010 | D:5      | Noticed Menkaure
  4012 | D:5      | Found a staircase to the Ecumenical Temple.
  4019 | D:5      | Killed Menkaure
  4020 | D:5      | Reached skill level 5 in Fighting
  4027 | D:5      | Reached XP level 7. HP: 48/56 MP: 9/9
  4034 | Temple   | Entered the Ecumenical Temple
  4108 | Temple   | Became a worshipper of Qazlal Stormbringer
  4108 | Temple   | Reached * piety under Qazlal
  4108 | Temple   | Reached ** piety under Qazlal
  4167 | D:5      | Reached skill level 1 in Shields
  4185 | D:5      | Noticed Sigmund
  4197 | D:5      | Killed Sigmund
  4847 | D:6      | Noticed Grinder
  4852 | D:6      | Paralysed by Grinder for 4 turns
  4860 | D:6      | Reached skill level 6 in Fighting
  4860 | D:6      | Reached XP level 8. HP: 52/64 MP: 11/11
  4862 | D:6      | Paralysed by Grinder for 3 turns
  4867 | D:6      | Killed Grinder
  4991 | D:6      | Noticed Eustachio
  5010 | D:6      | Killed Eustachio
  5011 | D:6      | Reached skill level 5 in Invocations
  5025 | D:6      | Noticed Maggie
  5032 | D:6      | Killed Maggie
  5061 | D:6      | Noticed Edmund
  5120 | D:6      | Reached skill level 7 in Fighting
  5140 | D:6      | Killed Edmund
  5141 | D:6      | Reached XP level 9. HP: 15/72 MP: 13/13
  5494 | D:6      | Found a shimmering altar of Xom.
  5496 | D:6      | Found a hazy altar of Hepliaklqana.
  5496 | D:6      | Found a radiant altar of Vehumet.
  5498 | D:6      | Found a hide-covered altar of Uskayaw.
  5498 | D:6      | Found a snail-covered altar of Cheibriados.
  5733 | D:6      | Found a hide-covered altar of Uskayaw.
  6117 | D:7      | Reached *** piety under Qazlal
  6763 | D:8      | Reached skill level 8 in Fighting
  6804 | D:8      | Reached **** piety under Qazlal
  6815 | D:8      | Reached skill level 5 in Dodging
  6819 | D:8      | Reached XP level 10. HP: 45/82 MP: 15/15
  6973 | D:8      | Noticed Prince Ribbit
  6980 | D:8      | Killed Prince Ribbit
  7151 | D:8      | Noticed Psyche
  7158 | D:8      | Killed Psyche
  7205 | D:8      | Reached ***** piety under Qazlal
  7573 | D:9      | Reached skill level 9 in Fighting
  8428 | D:9      | Reached skill level 5 in Armour
  8790 | D:9      | Found a staircase to the Orcish Mines.
  8848 | D:10     | Entered Level 10 of the Dungeon
  8916 | D:10     | Noticed Sonja
  8923 | D:10     | Killed Sonja
  8924 | D:10     | Reached XP level 11. HP: 79/90 MP: 17/17
  9245 | D:10     | Found a staircase to the Lair.
  9601 | D:10     | Reached skill level 10 in Fighting
  9671 | D:11     | Noticed a two-headed ogre
  9687 | D:11     | Killed a two-headed ogre
  9688 | D:11     | Reached skill level 5 in Shields
  9954 | D:11     | Identified the ring "Meimumme" {rF- rN+ Will++ Int+6
                  | Stlth-}
  9997 | D:11     | Found Lyhan's Armour Shop.
 10281 | D:12     | Noticed Lodul
 10483 | D:12     | Killed Lodul
 10721 | D:12     | Reached skill level 11 in Fighting
 10920 | D:12     | Noticed a boulder beetle
 10951 | D:12     | Killed a boulder beetle
 10952 | D:12     | Reached XP level 12. HP: 82/100 MP: 19/19
 11240 | D:12     | Noticed a two-headed ogre
 11253 | D:12     | Killed a two-headed ogre
 11344 | D:12     | Found a transporter.
 11348 | D:12     | Noticed a two-headed ogre
 11351 | D:12     | Noticed a two-headed ogre
 11351 | D:12     | Noticed Implojin's ghost (journeyman DsSh)
 11356 | D:12     | Found a transporter.
 11442 | D:12     | Found a sparkling altar of Nemelex Xobeh.
 11452 | D:12     | Reached skill level 10 in Invocations
 11863 | D:13     | Noticed a boulder beetle
 11883 | D:13     | Noticed a two-headed ogre
 11935 | D:12     | Killed a two-headed ogre
 12303 | D:12     | Killed a boulder beetle
 12681 | D:13     | Noticed a two-headed ogre
 12683 | D:13     | Reached skill level 12 in Fighting
 12683 | D:13     | Noticed a two-headed ogre
 12702 | D:12     | Killed a two-headed ogre
 12723 | D:12     | Killed a two-headed ogre
 12825 | D:13     | Found Sierphanne's Jewellery Boutique.
 12875 | D:13     | Noticed an ogre mage
 12885 | D:13     | Killed an ogre mage
 13120 | D:13     | Noticed a centaur warrior
 13125 | D:13     | Killed a centaur warrior
 13169 | D:13     | Found a gate to the Vaults.
 13436 | D:13     | Gained mutation: You are strongly in touch with the powers
                  | of death. [Mummy growth]
 13436 | D:13     | Reached XP level 13. HP: 72/109 MP: 21/21
 14068 | D:14     | Found a hide-covered altar of Uskayaw.
 14203 | D:14     | Noticed Nessos
 14239 | D:14     | Killed Nessos
 14752 | D:15     | Entered Level 15 of the Dungeon
 14758 | D:15     | Noticed Kirke
 14804 | D:15     | Noticed a sphinx
 14812 | D:15     | Killed Kirke
 15132 | D:15     | Reached skill level 13 in Fighting
 15432 | D:15     | Found Emuwih Sodi's Magic Scroll Shop.
 15440 | D:15     | Bought a scroll of poison for 40 gold pieces
 15440 | D:15     | Bought a scroll of poison for 40 gold pieces
 15472 | D:15     | Noticed a stone giant
 15499 | D:15     | Killed a stone giant
 15891 | D:15     | Found a staircase to the Depths.
 16107 | D:15     | Noticed Roxanne
 16459 | D:15     | Killed from afar by Roxanne

Illustrated notes

Levels and vault maps discovered:
D:1:      nagdon_arrival_double_spiral, layout_basic
D:2:      layout_basic, basic_altar, minmay_tromino_i2, uniq_crazy_yiuf_cottage
D:3:      layout_basic
D:4:      kb_forest_paths, layout_layer_cave, minmay_misc_feat_ornament
D:5:      layout_cave_pods, minmay_temple_entry_grid, uniq_menkaure,
          uniq_sigmund
D:6:      layout_loops_ring, general_overflow_altar,
          nicolae_tso_swordbearing_angel, doesnt_xom_only_xom,
          minmay_ogre_servants, uniq_grinder, uniq_maggie, uniq_edmund,
          uniq_eustachio
D:7:      layout_rooms
D:8:      layout_rooms, special_room [special_room_orc], uniq_psyche,
          uniq_prince_ribbit1
D:9:      layout_loops_corners, hiddenorc1_lemuel, minivault_25
D:10:     layout_stronghold, lair_entry_dummy, uniq_sonja
D:11:     layout_small_grid, serial_shops, nicolae_shop_crystal, hive_lemuel
D:12:     layout_irregular_city, nzn_ghost_randoct,
          nemelex_diamond_rough_becter, uniq_lodul
D:13:     layout_rooms, hangedman_vaults_entry_quadrant_bands, serial_shops,
          shop
D:14:     layout_gridville, nicolae_uskayaw_murder_on_the_dancefloor,
          uniq_nessos
D:15:     grunt_enter_depths_snipers, layout_basic, serial_shops, shop_scrolls,
          minivault_26, uniq_roxanne, uniq_kirke
Temple:   compressed_dpeg_triangle_lava_temple

Skill      XL: |  1  2  3  4  5  6  7  8  9 10 11 12 13 |
---------------+----------------------------------------+-----
Invocations    | 1 2 3 4 5 7 8 9 11 | 11.7
Axes           | 3 |  3.3
Fighting       | 4 5 6 7 8 9 11 12 13 | 13.1
Armour         | 1 2 3 4 5 6 7 |  7.6
Dodging        | 3 4 5 6 7 8 |  8.1
Shields        | 1 2 3 4 5 6 7 |  7.2

Action                     |  1- 3 |  4- 6 |  7- 9 | 10-12 | 13-15 || total
---------------------------+-------+-------+-------+-------+-------++-------
  Melee: Hand axe          |    74 |    36 |       |       |       ||   110
         Short sword       |       |   103 |   261 |   793 |   319 ||  1476
 Invoke: Disaster Area     |       |       |       |     5 |       ||     5
    Use: Scroll            |       |       |    10 |     3 |     3 ||    16
   Stab: Sleeping          |       |     3 |       |       |       ||     3
 Armour: Robe              |    10 |       |       |       |       ||    10
         Ring mail         |    13 |    21 |       |       |       ||    34
         Leather armour    |       |    10 |    72 |   121 |    59 ||   262
  Dodge: Dodged            |    48 |    80 |   105 |   328 |   126 ||   687
         Repelled          |       |       |       |     8 |     9 ||    17
  Block: Buckler           |       |     9 |    84 |   451 |   142 ||   686

Table legend: (Time is in decaauts)
 A = Elapsed time spent in this place.
 B = Non-inter-level travel time spent in this place.
 C = Inter-level travel time spent in this place.
 D = Time resting spent in this place.
 E = Time spent auto-exploring this place.
 F = Levels seen in this place.
 G = Mean time per level.
                   A        B        C        D        E       F      G
               +--------+--------+--------+--------+--------+-----+--------+
         Total |  16017 |  15462 |    555 |   2450 |   9974 |  16 | 1001.1 |
       Dungeon |  15923 |  15368 |    555 |   2450 |   9954 |  15 | 1061.5 |
        Temple |     93 |     93 |      0 |      0 |     20 |   1 |   93.0 |
               +--------+--------+--------+--------+--------+-----+--------+

Top non-repeatable levels by time:
    D:12: 2137 daAuts
    D:15: 1415 daAuts
     D:6: 1394 daAuts
     D:2: 1329 daAuts
     D:9: 1293 daAuts
    D:13: 1286 daAuts
     D:4: 1238 daAuts
    D:14: 966 daAuts
    D:10: 811 daAuts
     D:1: 772 daAuts
     D:5: 759 daAuts
    D:11: 752 daAuts
     D:8: 714 daAuts
     D:3: 608 daAuts
     D:7: 445 daAuts
